 Dungeon Crawl Stone Soup version 0.13.0 (webtiles) character file.

4798 MDvedh the Basher (level 10, -15/57 HPs)
             Began as a Gargoyle Fighter on Oct 12, 2013.
             Was a Priest of Makhleb.
             Hit by a hand axe thrown by a skeletal warrior (19 damage)
             ... on Level 8 of the Dungeon.
             The game lasted 00:22:25 (7229 turns).

MDvedh the Basher (Gargoyle Fighter)                Turns: 7229, Time: 00:22:26

HP -15/57        AC 23     Str 25      XL: 10   Next: 33%
MP   9/9         EV  8     Int  9      God: Makhleb [***...]
Gold 456         SH 24     Dex 10      Spells:  0 memorised,  9 levels left

Res.Fire  : . . .   See Invis. : .   p - +4,-1 flail (protect) (curse)
Res.Cold  : . . .   Warding    : +   b - +0 scale mail
Life Prot.: + + .   Conserve   : .   c - +0 shield
Res.Poison: +       Res.Corr.  : .   s - +1 dwarf helmet
Res.Elec. : +       Clarity    : .   (no cloak)
Sust.Abil.: . .     Spirit.Shd : .   k - -1 pair of gloves of Guneic {Str+2 Dex+1}
Res.Mut.  : .       Stasis     : .   (no boots)
Res.Rott. : +       Flight     : .   e - amulet of warding
Saprovore : . . .                    (no ring)
                                     (no ring)

@: somewhat resistant to hostile enchantments, extremely unstealthy
A: fangs 1, talons 2, life protection 1, electricity resistance, slow metabolism
1, unbreathing, petrification resistance, AC +7
a: Minor Destruction, Lesser Servant of Makhleb, Renounce Religion


You were on level 8 of the Dungeon.
You worshipped Makhleb.
Makhleb was most pleased with you.
You were not hungry.

You visited 2 branches of the dungeon, and saw 10 of its levels.

You collected 436 gold pieces.

Inventory:

Hand weapons
 a - a +0,+0 mace
 p - a cursed +4,-1 flail of protection (weapon)
Armour
 b - a +0 scale mail (worn)
 c - a +0 shield (worn)
 k - the -1 pair of gloves of Guneic (worn) {Str+2 Dex+1}
   (You acquired it on level 6 of the Dungeon)

   It affects your strength (+2).
   It affects your dexterity (+1).
 s - a +1 dwarven helmet (worn)
Magical devices
 m - a wand of random effects (7) {unknown}
 n - a wand of flame (12)
 o - a wand of confusion (2) {unknown}
 u - a wand of slowing (7) {unknown}
 w - a wand of digging (10) {unknown}
Comestibles
 d - 5 bread rations
 l - an apple
 x - a beef jerky
 D - a pear
 E - a choko
Scrolls
 g - 7 scrolls of remove curse
 y - 2 scrolls of enchant armour
 A - a scroll of teleportation
Jewellery
 e - an amulet of warding (around neck)
 r - an uncursed amulet of faith
 F - an uncursed amulet of rage
Potions
 f - 3 potions of invisibility
 i - 2 potions of resistance
 j - 3 potions of curing
 q - 2 potions of might
 v - 2 potions of brilliance {unknown}
 z - a potion of agility {unknown}
Books
 t - a book of the Warp

   Spells                             Type                      Level
   Recall                             Summoning/Translocation      3
   Control Teleport                   Charms/Translocation         4
   Phase Shift                        Translocation                5
   Warp Weapon                        Charms/Translocation         5
   Dispersal                          Translocation                6
   Controlled Blink                   Translocation                7
   Disjunction                        Translocation                8


   Skills:
 - Level 3.4 Fighting
 - Level 10.7 Maces & Flails
 - Level 9.0 Armour
 + Level 9.4 Shields


You had 9 spell levels left.
You didn't know any spells.

Dungeon Overview and Level Annotations

Branches:
Dungeon (9/27)             Temple (1/1) D:5
    Orc: D:6-11        Lair: D:8-13

Altars:
Ashenzari
Elyvilon
Fedhas
Makhleb
Nemelex Xobeh
Trog
Xom
Zin
the Shining One

Shops:
D:4 [

Annotations:
D:2 Sigmund


Innate Abilities, Weirdness & Mutations

You are resistant to torment.
You are immune to poison.
Your stone body is very resilient (AC +7).
You have very sharp teeth.
You have razor-sharp toenails.
You resist negative energy.
You are resistant to electric shocks.
You have a slow metabolism.
You can survive without breathing.
You are immune to petrification.


Message History

You are too injured to fight recklessly!
You are too injured to fight recklessly!
You hit the skeletal warrior but do no damage.
You bite the skeletal warrior, but do no damage.
The skeletal warrior is almost destroyed.
You hear a grinding noise.
You hit the skeletal warrior but do no damage.
Your kick misses the skeletal warrior.
The skeletal warrior is almost destroyed.
The skeletal warrior hits you with a runed hand axe!
* * * LOW HITPOINT WARNING * * *
You hear a grinding noise.
You hit the skeletal warrior but do no damage.
You claw the skeletal warrior.
The skeletal warrior is almost destroyed.
The skeletal warrior hits you with a runed hand axe.
* * * LOW HITPOINT WARNING * * *
You hear a grinding noise.
The skeletal warrior throws a hand axe.
The hand axe hits you!
You die...

.........# ####....##.##.#
.........###..........##.#
..... #............#####.#
#....#.##.##.###.#.## #.#
#.....##### #..#.###.#
#...###.## #........# ##
#.zz## ##.#.##### #.###.##
##.## ... ##@# ### .##
#..#.# . ### ..# ###


You could see 2 skeletal warriors.

Vanquished Creatures
  A skeletal warrior (D:8)
  2 hippogriffs
  Edmund (D:5)
  A hungry ghost (D:8)
  2 orc warriors
  A sky beast (D:5)
  5 ogres
  2 phantoms
  A black bear (D:8)
  A boring beetle (D:8)
  3 centaurs
  An ice beast (D:8)
  2 giant frogs
  5 killer bees (D:8)
  5 wights (D:7)
  A manticore skeleton (D:6)
  3 crimson imps
  A centaur skeleton (D:5)
  5 hounds
  5 orc priests
  2 jellies
  A giant frog skeleton (D:4)
  3 scorpions
  7 orc wizards
  8 worker ants
  Ijyb (D:7)
  Jessica (D:3)
  A hound zombie (D:8)
  A hound skeleton (D:5)
  7 gnolls
  A worm zombie (D:8)
  12 adders
  A giant mite (D:5)
  A goliath beetle zombie (D:7)
  A worm (D:6)
  An iguana zombie (D:5)
  A giant eyeball (D:4)
  5 giant geckos
  An ooze (D:2)
  18 orcs
  7 ball pythons
  A bat zombie (D:6)
  4 giant cockroaches
  7 hobgoblins
  6 jackals
  3 quokkas
  9 bats
  6 giant newts
  10 goblins
  A goblin zombie (D:5)
  A hobgoblin skeleton (D:8)
  13 kobolds
  2 kobold skeletons
  An orc skeleton (D:5)
  A quokka skeleton (D:4)
  A quokka zombie (D:5)
  13 rats
  A butterfly (D:5)
209 creatures vanquished.

Notes
Turn   | Place    | Note
--------------------------------------------------------------
     0 | D:1      | MDvedh, the Gargoyle Fighter, began the quest for the Orb.
     0 | D:1      | Reached XP level 1. HP: 14/14 MP: 0/0
   227 | D:1      | Reached XP level 2. HP: 19/19 MP: 1/1
   538 | D:2      | Found a sparkling altar of Nemelex Xobeh.
   603 | D:2      | Reached XP level 3. HP: 24/24 MP: 2/2
   750 | D:2      | Reached skill level 4 in Maces & Flails
   834 | D:2      | Reached XP level 4. HP: 26/28 MP: 3/3
   873 | D:2      | Noticed Sigmund
  1085 | D:3      | Noticed Jessica
  1087 | D:3      | Killed Jessica
  1087 | D:3      | Reached skill level 5 in Maces & Flails
  1327 | D:3      | Noticed an ogre
  1540 | D:3      | HP: 1/28 [ogre/giant club (23)]
  2156 | D:3      | Reached XP level 5. HP: 33/33 MP: 4/4
  2412 | D:4      | Reached skill level 6 in Maces & Flails
  2476 | D:4      | Reached XP level 6. HP: 31/38 MP: 5/5
  2511 | D:4      | Reached skill level 7 in Maces & Flails
  2517 | D:4      | Found Puoto's Armour Emporium.
  3075 | D:3      | Killed an ogre
  3075 | D:3      | Reached skill level 8 in Maces & Flails
  3075 | D:3      | Reached XP level 7. HP: 6/42 MP: 6/6
  3475 | D:4      | Reached skill level 9 in Maces & Flails
  3874 | D:5      | Entered Level 5 of the Dungeon
  3884 | D:5      | Reached XP level 8. HP: 48/48 MP: 7/7
  3894 | D:5      | Found a staircase to the Ecumenical Temple.
  3908 | Temple   | Entered the Ecumenical Temple
  4007 | Temple   | Became a worshipper of Makhleb the Destroyer
  4236 | D:5      | Found a bloodstained altar of Trog.
  4290 | D:5      | Reached skill level 10 in Maces & Flails
  4545 | D:5      | Noticed Edmund
  4567 | D:5      | Killed Edmund
  4969 | D:6      | Reached skill level 5 in Armour
  4974 | D:6      | Found a glowing golden altar of the Shining One.
  4975 | D:6      | Acquired Makhleb's first power
  5078 | D:6      | Identified a scroll of acquirement
  5081 | D:6      | Got a pair of encrusted gloves
  5084 | D:6      | Identified the -1 pair of gloves of Guneic {Str+2 Dex+1} (You acquired it on level 6 of the Dungeon)
  5098 | D:6      | Found a blossoming altar of Fedhas.
  5125 | D:6      | Found a shimmering altar of Xom.
  5144 | D:6      | Reached XP level 9. HP: 22/52 MP: 8/8
  5214 | D:6      | Found a glowing golden altar of the Shining One.
  5317 | D:6      | Found a white marble altar of Elyvilon.
  5446 | D:6      | Acquired Makhleb's second power
  5903 | D:7      | Noticed Ijyb
  5912 | D:7      | Killed Ijyb
  6276 | D:8      | Reached skill level 5 in Shields
  6405 | D:8      | Acquired Makhleb's third power
  6663 | D:8      | Reached XP level 10. HP: 8/57 MP: 9/9
  7168 | D:8      | Noticed a skeletal warrior
  7172 | D:8      | Noticed a skeletal warrior
  7174 | D:8      | Noticed a skeletal warrior
  7199 | D:8      | Killed a skeletal warrior
  7229 | D:8      | Hit by a hand axe thrown by a skeletal warrior

Action                   |  1- 3 |  4- 6 |  7- 9 | 10-12 || total
-------------------------+-------+-------+-------+-------++-------
Melee: Mace              |    69 |   179 |   171 |       ||   419
       Flail             |       |       |   276 |   118 ||   394
  Use: Potion            |       |     2 |       |       ||     2
       Scroll            |       |    10 |     6 |     1 ||    17
